 Dungeon Crawl Stone Soup version 0.29-a0-356-g7bc237e783 (webtiles) character file.

Game seed: 3797850279417035965

173 sammy202020 the Skirmisher (level 5, -2/48 HPs)
             Began as a Minotaur Berserker on Apr 25, 2022.
             Was a Believer of Trog.
             Slain by Edmund
             ... wielding a +1 dire flail of protection
              (14 damage)
             ... on level 4 of the Dungeon.
             The game lasted 00:03:43 (2741 turns).

sammy202020 the Skirmisher (Minotaur Berserker)     Turns: 2741, Time: 00:03:44

Health: -2/48      AC:  8    Str: 28    XL:     5   Next: 28%
Magic:  4/4        EV: 11    Int:  6    God:    Trog [**....]
Gold:   131        SH:  0    Dex:  9    Spells: 4/4 levels left

rFire   . . .      SeeInvis .   d - +0 war axe
rCold   . . .      Faith    .   (no shield)
rNeg    . . .      Spirit   .   m - +0 ring mail
rPois   .          Reflect  .   (helmet restricted)
rElec   .          Harm     .   j - +0 cloak
rCorr   .          Rampage  .   (no gloves)
Will    .....                   o - +0 pair of boots
Stlth   ..........              (no amulet)
HPRegen 0.16/turn               w - +6 ring of strength
MPRegen 0.09/turn               (no ring)

@: no status effects
A: horns 2, retaliatory headbutt
a: Renounce Religion, Berserk, Trog's Hand


You were on level 4 of the Dungeon.
You worshipped Trog.
Trog was pleased with you.
You visited 1 branch of the dungeon, and saw 4 of its levels.

You collected 131 gold pieces.

Inventory:

Hand Weapons
 a - a +0 hand axe
 d - a +0 war axe (weapon)
 l - a +0 whip
 q - a +0 mace
 v - a +0 hunting sling
Missiles
 r - a boomerang of dispersal (quivered)
 s - 2 boomerangs
Armour
 j - a +0 cloak (worn)
 m - a +0 ring mail (worn)
 o - a +0 pair of boots (worn)
Jewellery
 w - a +6 ring of strength (left hand)
Scrolls
 b - a scroll of summoning {unknown}
 h - 3 scrolls of identify {unknown}
 n - 2 scrolls of fog {unknown}
 u - a scroll of blinking {unknown}
Potions
 c - a potion of resistance {unknown}
 e - 2 potions of haste {unknown}
 f - a potion of brilliance {unknown}
 g - a potion of heal wounds {unknown}
 i - a potion of degeneration {unknown}
 k - 2 potions of curing {unknown}
 p - a potion of flight {unknown}
 t - a potion of lignification {unknown}


   Skills:
 * Level 5.1 Fighting
 * Level 5.1 Axes
 + Level 3.4 Armour
 + Level 3.1 Dodging


You had 4 spell levels left.
You didn't know any spells.
Your spell library was empty.

Dungeon Overview and Level Annotations

Branches:
Dungeon (4/15)
 Temple: D:4-7

Altars:

Annotations:
D:4 Edmund


Innate Abilities, Weirdness & Mutations

You have a pair of horns on your head.
You reflexively headbutt those who attack you in melee.


Message History

Edmund is moderately wounded.
Edmund hits you with a +1 dire flail of protection!
Edmund hits you but does no damage.
You closely miss Edmund.
Edmund is moderately wounded.
Edmund barely misses you.
You closely miss Edmund.
Edmund is moderately wounded.
Edmund hits you with a +1 dire flail of protection!
You closely miss Edmund.
Edmund is moderately wounded.
Edmund closely misses you. You furiously retaliate!
You headbutt Edmund. You hit Edmund.
Edmund is moderately wounded.
Edmund hits you but does no damage. Edmund barely misses you.
You furiously retaliate!
You headbutt Edmund. You hit Edmund.
Edmund is heavily wounded.
Edmund barely misses you.
You hit Edmund but do no damage.
Edmund is heavily wounded.
Edmund hits you with a +1 dire flail of protection.
You barely miss Edmund.
Edmund is heavily wounded.
Edmund barely misses you. You furiously retaliate!
You headbutt Edmund. You barely miss Edmund.
Edmund is heavily wounded.
Edmund hits you with a +1 dire flail of protection!
Edmund hits you but does no damage.
You closely miss Edmund. You headbutt Edmund, but do no damage.
Edmund is heavily wounded.
Edmund closely misses you.
You barely miss Edmund.
Edmund is heavily wounded.
Edmund hits you with a +1 dire flail of protection!
* * * LOW HITPOINT WARNING * * *
You closely miss Edmund.
Edmund is heavily wounded.
Edmund hits you with a +1 dire flail of protection!
You die...

.##.......#
.##.......# #.#
.############# #.#
.# #......# #.#
#######.####.###.#
..)...........##.#
#######..#.#..##.#
#..#.#..##.######.
#.......|.@.......
##.####.##@..#.##.
#.# #.#......# #..
.....?...# ###
####.....##
##...## ##... ....


You could see Edmund.

Vanquished Creatures
  Crazy Yiuf (D:3)
  An iguana (D:4)
  An orc wizard (D:4)
  2 adders (D:3)
  A worm (D:3)
  3 dart slugs (D:1)
  4 orcs (D:4)
  5 endoplasms
  3 giant cockroaches
  7 goblins
  3 hobgoblins
  A jackal (D:1)
  2 kobolds
  3 quokkas
  7 ball pythons
  9 bats
  6 frilled lizards
  7 rats
66 creatures vanquished.

Vanquished Creatures (others)
  5 fungi (D:3)
5 creatures vanquished.

Grand Total: 71 creatures vanquished

Notes
Turn   | Place    | Note
-------+----------+-------------------------------------------
     0 | D:1      | sammy202020 the Minotaur Berserker began the quest for the
                  | Orb.
     0 | D:1      | Reached XP level 1. HP: 19/19 MP: 0/0
   219 | D:1      | Reached XP level 2. HP: 16/27 MP: 1/1
   721 | D:1      | Reached ** piety under Trog
   722 | D:1      | Reached XP level 3. HP: 33/33 MP: 2/2
  1445 | D:3      | Reached XP level 4. HP: 41/41 MP: 3/3
  2050 | D:3      | Found a runed translucent door.
  2051 | D:3      | Noticed Crazy Yiuf
  2058 | D:3      | Killed Crazy Yiuf
  2419 | D:4      | Reached skill level 5 in Fighting
  2419 | D:4      | Reached skill level 5 in Axes
  2425 | D:4      | Reached XP level 5. HP: 29/48 MP: 4/4
  2725 | D:4      | Noticed Edmund
  2741 | D:4      | Slain by Edmund

Illustrated notes

Levels and vault maps discovered:
D:1:      dpeg_arrival_oval, layout_basic, st_stairs_4
D:2:      layout_basic, uniq_sigmund
D:3:      layout_loops_cross, uniq_crazy_yiuf_cottage
D:4:      layout_loops_cross, uniq_edmund

Skill      XL: |  1  2  3  4 |
---------------+-------------+-----
Fighting       | 4 5 |  5.1
Axes           | 4 5 |  5.1
Armour         | 3 |  3.4
Dodging        | 3 |  3.1

Action                   |  1- 3 |  4- 6 || total
-------------------------+-------+-------++-------
Melee: Hand axe          |    17 |       ||    17
       War axe           |    62 |    76 ||   138
       Headbutt          |     9 |     9 ||    18
  Use: Scroll            |     2 |       ||     2
 Stab: Sleeping          |     1 |       ||     1
Armor: Animal skin       |    23 |       ||    23
       Ring mail         |    10 |    30 ||    40
Dodge: Dodged            |    64 |    35 ||    99

Table legend: (Time is in decaauts)
 A = Elapsed time spent in this place.
 B = Non-inter-level travel time spent in this place.
 C = Inter-level travel time spent in this place.
 D = Time resting spent in this place.
 E = Time spent auto-exploring this place.
 F = Levels seen in this place.
 G = Mean time per level.
                   A        B        C        D        E       F      G
               +--------+--------+--------+--------+--------+-----+--------+
         Total |   2778 |   2617 |    161 |      0 |   2146 |   4 |  694.5 |
       Dungeon |   2778 |   2617 |    161 |      0 |   2146 |   4 |  694.5 |
               +--------+--------+--------+--------+--------+-----+--------+

Top non-repeatable levels by time:
     D:1: 1060 daAuts
     D:3: 1001 daAuts
     D:4: 392 daAuts
     D:2: 323 daAuts
